 Dungeon Crawl Stone Soup version 0.22-a0-136-g83a10e5 (webtiles) character file.

65 Rottenbandages the Insei (level 3, -8/29 HPs)
             Began as a Mummy Monk on Feb 4, 2018.
             Killed from afar by Sigmund (9 damage)
             ... with a wand of flame (28)
             ... on level 2 of the Dungeon.
             The game lasted 00:02:56 (3022 turns).

Rottenbandages the Insei (Mummy Monk)               Turns: 3022, Time: 00:02:57

Health: -8/29      AC:  2    Str: 14    XL:     3   Next: 92%
Magic:  3/3        EV: 12    Int:  9    God:
Gold:   82         SH:  5    Dex: 15    Spells: 2/2 levels left

rFire    x . .     SeeInvis .     - Unarmed
rCold    + . .     Gourm    .   i - +2 buckler
rNeg     + + +     Faith    .   a - +0 robe
rPois    ∞         Spirit   .   (no helmet)
rElec    .         Reflect  .   (no cloak)
rCorr    .         Harm     .   (no gloves)
MR       .....                  (no boots)
Stlth    ++........             (no amulet)
HPRegen  0.09/turn              (no ring)
MPRegen  0.08/turn              (no ring)

@: no status effects
A: no food or potions, fire vulnerability, cold resistance 1, negative energy
resistance 3, torment resistance, unbreathing
a: no special abilities


You were on level 2 of the Dungeon.
You were not hungry.

You visited 1 branch of the dungeon, and saw 2 of its levels.

You collected 82 gold pieces.


Innate Abilities, Weirdness & Mutations

You do not eat or drink.
Your flesh is vulnerable to fire.
You are immune to poison.
Your flesh is cold resistant. (rC+)
You are immune to negative energy. (rN+++)
You are immune to unholy pain and torment.
You can survive without breathing.


   Skills:
 - Level 3.0 Fighting
 - Level 2.4 Dodging
 - Level 1.5 Stealth
 + Level 4.0 Unarmed Combat


You had 2 spell levels left.
You didn't know any spells.

Inventory:

Missiles
 e - 18 sling bullets (quivered)
Armour
 a - a +0 robe (worn)
 i - a +2 buckler (worn)
Scrolls
 b - a scroll of amnesia {unknown}
 c - 3 scrolls of teleportation {unknown}
 d - 3 scrolls of identify {unknown}
 f - a scroll of remove curse {unknown}
 g - a scroll of blinking {unknown}
 h - a scroll of enchant armour {unknown}

Dungeon Overview and Level Annotations

Branches:
Dungeon (2/15)

Altars:
Elyvilon
Qazlal

Annotations:
D:2 Sigmund

▒▒▒▒▒▒▒▒▒▒▒ ▒▒▒.▒▒.▒.▒.(...
▒.....▒ ▒.▒▒.▒.▒(†..▒
▒.....▒▒▒▒▒▒▒▒ ▒..▒.▒.......
▒.....▒▒.....▒ ▒▒.▒.▒▒▒▒...▒
▒▒▒▒▒.....▒▒...(.▒▒▒▒▒.▒.▒ ▒...▒
....'......'.....'.).....▒▒ ▒...▒
▒▒▒▒......▒▒....(▒▒▒▒▒÷▒..▒▒▒▒▒▒▒
▒.▒▒▒▒..▒....[▒▒▒▒▒.▒...)▒
▒.......▒▒▒▒▒M......▒▒.▒▒▒
▒..▒▒▒▒.....▒.▒▒▒▒▒▒▒▒.▒▒
▒.(▒....▒▒▒.▒.▒ ▒..▒
▒..▒......▒.▒.▒ ▒▒.▒▒
▒.)▒......▒.▒.▒ ▒▒▒..▒
▒.!...._......▒ ▒....▒
▒▒▒.▒......▒..▒ ▒@▒▒.▒
▒.▒.(....▒..▒ ▒.▒▒.▒
▒.▒▒▒....▒..▒ ▒...▒▒


There were no monsters in sight!


Message History

You take 4 damage, and have 23/29 hp!
Sigmund is nearby!!!
Sigmund is nearby!!!
Sigmund is nearby!!!
Press: ? - help, v - describe, ! - travel
Here: Sigmund, wielding a scythe, wearing a robe and carrying a wand of flame (29)
The floor!
An adder comes into view!
The adder moves out of view!
Sigmund casts a spell at you! You resist with some effort!
Sigmund points at you and mumbles some strange words!
The puff of flame hits you!!! The fire burns you terribly!!!
You take 9 damage, and have 15/29 hp!
MASSIVE DAMAGE!!!!!!
Sigmund casts a spell!
Sigmund flickers and vanishes!!!
Deactivating autopickup; reactivate with Ctrl-A!
Things that are here:
a jackal skeleton x2
You hear a zap!
A puff of flame appears from out of thin air!!!
The puff of flame hits you!!! The fire burns you terribly!!!
DANG * * * don't die
* * *
There is a stone staircase leading up here!
You take 15 damage, and have 1/29 hp!
MASSIVE DAMAGE!!!!!!
You hear a zap!
A puff of flame appears from out of thin air!!!
The puff of flame hits you!!! The fire burns you terribly!!! rip

Action                   || total
-------------------------++-------
Melee: Unarmed           ||   152
       Punch             ||     2
 Stab: Sleeping          ||     6
       Distracted        ||     1
Armor: Robe              ||    14
Dodge: Dodged            ||    79

Vault maps used:
D:1:      nagdon_arrival_double_spiral
D:2:      nicolae_overflow_crystal_walls, nicolae_qazlal_eye_of_the_storm,
          uniq_sigmund

Notes
Turn   | Place    | Note
-------+----------+-------------------------------------------
     0 | D:1      | Rottenbandages the Mummy Monk began the quest for the Orb.
     0 | D:1      | Reached XP level 1. HP: 18/18 MP: 1/1
   531 | D:1      | Reached skill level 3 in Unarmed Combat
   531 | D:1      | Reached XP level 2. HP: 24/24 MP: 2/2
  1506 | D:2      | Reached XP level 3. HP: 16/29 MP: 3/3
  2147 | D:2      | Found a white marble altar of Elyvilon.
  2629 | D:2      | Reached skill level 4 in Unarmed Combat
  2683 | D:2      | Found a stormy altar of Qazlal.
  2730 | D:2      | Noticed an ice beast
  2996 | D:2      | Noticed Sigmund
  3021 | D:2      | HP: 1/29 [something/wand of flame (29) (15)]
  3022 | D:2      | Killed from afar by Sigmund

Vanquished Creatures
  2 adders (D:2)
  A worm (D:2)
  A dart slug (D:2)
  A leopard gecko (D:2)
  A ball python (D:2)
  2 bats
  4 giant cockroaches
  4 goblins
  4 hobgoblins
  3 jackals (D:2)
  7 kobolds
  5 frilled lizards
  4 rats (D:1)
39 creatures vanquished.
